[Event "ICC tourney 3080 (30 10)"]
[Site "Internet Chess Club"]
[Date "2022.12.17"]
[Round "1"]
[White "Jiang, Zen:zenjiang"]
[Black "Zafar, Faris:gameismyname"]
[Result "0-1"]
[ICCResult "White checkmated"]
[WhiteElo "1098"]
[BlackElo "1423"]
[Opening "Caro-Kann: advance variation"]
[ECO "B12"]
[NIC "CK.04"]
[Time "12:04:41"]
[PlyCount "106"]
[TimeControl "1800+10"]

1. e4 c6 2. d4 d5 3. e5 Bf5 4. Bd3 Bxd3 5. Qxd3 e6 6. c3 Nd7 7. f4 Nh6 8. h3
Nf5 9. g4 Qh4+ 10. Kd1 Ng3 11. Rh2 Ne4 12. Be3 Qg3 13. Qe2 Nb6 14. Rg2 Qh4
15. Na3 Bxa3 16. Kc2 Be7 17. f5 O-O 18. f6 gxf6 19. Bh6 Rfe8 20. g5 fxg5 21.
Bxg5 Bxg5 22. Nf3 Qf4 23. Rag1 Kh8 24. Nxg5 Nxg5 25. Rxg5 Qe4+ 26. Qxe4 dxe4
27. Re1 Rg8 28. Rg4 Rxg4 29. hxg4 Rg8 30. Rxe4 Rg5 31. Rf4 Kg7 32. Kb3 Nd5
33. Re4 Kf8 34. c4 Nb6 35. a4 a5 36. c5 Nd5 37. Kc4 Ke7 38. b3 f6 39. Kd3 f5
40. gxf5 exf5 41. Rh4 h5 42. Ke2 f4 43. Kf3 Rg3+ 44. Ke4 Re3+ 45. Kf5 f3 46.
Rxh5 f2 47. Rh7+ Kd8 48. Rh8+ Kc7 49. Rh7+ Kb8 50. Rh8+ Ka7 51. e6 f1=Q+ 52.
Kg6 Rg3+ 53. Kh7 Qh3# {White checkmated} 0-1

[Event "ICC tourney 3080 (30 10)"]
[Site "Internet Chess Club"]
[Date "2022.12.17"]
[Round "1"]
[White "Bolme, Thomas Bradley:ThomasBradley75"]
[Black "ANGEL, BORYS:BArkadia"]
[Result "0-1"]
[ICCResult "White checkmated"]
[WhiteElo "669"]
[BlackElo "1388"]
[Opening "Queen's pawn game"]
[ECO "A46"]
[NIC "QP.06"]
[Time "12:01:14"]
[PlyCount "92"]
[TimeControl "1800+10"]

1. d4 Nf6 2. Nf3 d6 3. Bf4 g6 4. e3 Bg7 5. c3 O-O 6. Nbd2 Nbd7 7. Bd3 c5 8.
Qe2 Re8 9. Ng5 cxd4 10. cxd4 e5 11. dxe5 dxe5 12. Bg3 h6 13. Nxf7 Kxf7 14.
Bc4+ Kf8 15. f3 Nb6 16. Bb3 Be6 17. Bc2 Nh5 18. Bxg6 Nxg3 19. Bxe8 Nxe2 20.
Kxe2 Qxe8 21. Ne4 Bc4+ 22. Kf2 Rd8 23. Rad1 Qe7 24. Rxd8+ Qxd8 25. Nc5 Qd2+
26. Kg3 Qxe3 27. Nxb7 Qf4+ 28. Kf2 Bf6 29. Nd6 Bh4+ 30. g3 Qd2+ 31. Kg1 Qxd6
32. gxh4 Qd4+ 33. Kg2 Nd5 34. b3 Be2 35. a4 Qe3 36. Rf1 Nf4+ 37. Kg3 Bxf1
38. Kg4 Be2 39. b4 Qxf3+ 40. Kf5 Nd3+ 41. Ke6 Qc6+ 42. Kf5 Bg4+ 43. Kxg4
Qe4+ 44. Kh5 Qf5+ 45. Kxh6 Nf4 46. h5 Qxh5# {White checkmated} 0-1

[Event "ICC tourney 3080 (30 10)"]
[Site "Internet Chess Club"]
[Date "2022.12.17"]
[Round "1"]
[White "BAI, JEFFREY:Jeffchess"]
[Black "LOPEZ, FRANCISCO JAVIER:steinutz"]
[Result "1-0"]
[ICCResult "Black resigns"]
[WhiteElo "1297"]
[BlackElo "1576"]
[Opening "Scandinavian (center counter) defense"]
[ECO "B01"]
[NIC "VO.17"]
[Time "12:01:19"]
[PlyCount "169"]
[TimeControl "1800+10"]

1. e4 d5 2. Bd3 dxe4 3. Bxe4 Nf6 4. Nc3 Nxe4 5. Nxe4 Nc6 6. Nf3 Bg4 7. h3
Bh5 8. g4 Bg6 9. d3 Bxe4 10. dxe4 Qxd1+ 11. Kxd1 O-O-O+ 12. Bd2 f6 13. c3 e5
14. Kc2 Bc5 15. Rhf1 Rd7 16. b4 Bb6 17. a4 a5 18. b5 Ne7 19. Be3 Bxe3 20.
fxe3 Rhd8 21. Rac1 h6 22. Rcd1 Ng6 23. Rd2 Rxd2+ 24. Nxd2 Nf8 25. Nb3 b6 26.
Rd1 Rxd1 27. Kxd1 Ne6 28. h4 Kd7 29. Ke2 Kd6 30. Kd3 Nc5+ 31. Nxc5 Kxc5 32.
Kc2 Kc4 33. h5 Kc5 34. Kb3 Kd6 35. c4 Ke6 36. Kc3 Kd7 37. Kd3 Kd6 38. Kc3
Kc5 39. Kb3 Kd6 40. Kc3 Ke6 41. Kb3 Kd6 42. Kc3 c5 43. Kb3 Ke6 44. Kc3 Kf7
45. Kd2 g6 46. Ke2 gxh5 47. gxh5 Ke6 48. Kf3 f5 49. exf5+ Kxf5 50. Kg3 Kg5
51. Kf3 Kxh5 52. Ke4 Kg6 53. Kxe5 Kg5 54. Kd6 h5 55. e4 h4 56. e5 h3 57. e6
h2 58. e7 h1=Q 59. e8=Q Qd1+ 60. Kc6 Qxa4 61. Qe5+ Kg4 62. Qe4+ Kg3 63. Kxb6
Qb4 64. Qe3+ Kg4 65. Qxc5 Qe1 66. Qa3 Qe6+ 67. Kxa5 Qe1+ 68. Qb4 Qa1+ 69.
Kb6 Qa8 70. c5+ Kf5 71. Qb1+ Ke6 72. Qe1+ Kf7 73. Qf2+ Ke7 74. Qe3+ Kf7 75.
Qf4+ Ke7 76. Qe5+ Kf7 77. Qc7+ Kf8 78. Qd6+ Kf7 79. Qf4+ Ke8 80. Qe5+ Kf7
81. Qf5+ Ke8 82. Qg6+ Ke7 83. Qd6+ Kf7 84. c6 Qa3 85. Qxa3 {Black resigns}
1-0

[Event "ICC tourney 3080 (30 10)"]
[Site "Internet Chess Club"]
[Date "2022.12.17"]
[Round "1"]
[White "Krishnan, Ashvath:ashvathk5"]
[Black "Nadathur, Hari Rangan:HariNadathur"]
[Result "1-0"]
[ICCResult "Black checkmated"]
[WhiteElo "1390"]
[BlackElo "751"]
[Opening "Scotch: Potter variation"]
[ECO "C45"]
[NIC "SO.05"]
[Time "12:01:33"]
[PlyCount "57"]
[TimeControl "1800+10"]

1. e4 e5 2. Nf3 Nc6 3. d4 exd4 4. Nxd4 Bc5 5. Nb3 Bb6 6. Nc3 Nf6 7. Bg5 d6
8. Qe2 O-O 9. O-O-O h6 10. Bh4 a5 11. Nd5 g5 12. Nxb6 cxb6 13. Bg3 a4 14.
Nd4 Nxd4 15. Rxd4 d5 16. exd5 Re8 17. Qd2 Ne4 18. Qb4 Bf5 19. Bb5 Re7 20.
Re1 Nc5 21. a3 Ra5 22. Bc4 Rxe1+ 23. Qxe1 b5 24. Ba2 Ra8 25. Qe5 Qd7 26. Qf6
Ra6 27. d6 Bg6 28. Be5 Kf8 29. Qh8# {Black checkmated} 1-0

[Event "ICC tourney 3080 (30 10)"]
[Site "Internet Chess Club"]
[Date "2022.12.17"]
[Round "1"]
[White "Xu, Michael:mxu81"]
[Black "JIMENEZ, LUIS A:eltuna"]
[Result "0-1"]
[ICCResult "White checkmated"]
[WhiteElo "1186"]
[BlackElo "1485"]
[Opening "Caro-Kann: Panov-Botvinnik attack"]
[ECO "B13"]
[NIC "CK.02"]
[Time "12:02:13"]
[PlyCount "116"]
[TimeControl "1800+10"]

1. e4 c6 2. d4 d5 3. exd5 cxd5 4. c4 Nf6 5. cxd5 Nxd5 6. Nc3 Nc6 7. Nf3 Bg4
8. Be2 e6 9. h3 Bh5 10. Bb5 Bxf3 11. Qxf3 a6 12. Bxc6+ bxc6 13. O-O Bd6 14.
Ne4 O-O 15. Nxd6 Qxd6 16. b3 Rfd8 17. Bb2 a5 18. Rac1 a4 19. Rfd1 axb3 20.
axb3 Ra2 21. Bc3 Qf4 22. Qxf4 Nxf4 23. Ba1 Ne2+ 24. Kf1 Nxc1 25. Rxc1 f6 26.
g3 Rda8 27. Bc3 Rb8 28. b4 Kf7 29. Kg2 Ke7 30. Kf3 Kd6 31. Ke4 Rxf2 32. Ke3
Ra2 33. Bd2 g5 34. Be1 f5 35. Rc5 Rb5 36. Rc1 Rd5 37. Rd1 Ra3+ 38. Kf2 Kd7
39. Rd2 Ra1 40. Ke2 e5 41. dxe5 Rxe1+ 42. Kxe1 Rxd2 43. Kxd2 Ke6 44. Ke3
Kxe5 45. Kd3 f4 46. gxf4+ gxf4 47. Ke2 Ke4 48. Kf2 f3 49. h4 h5 50. Kf1 Kf4
51. Kf2 Kg4 52. Kg1 Kxh4 53. Kf2 Kg4 54. Kg1 h4 55. Kh2 h3 56. Kg1 Kg3 57.
Kh1 f2 58. b5 f1=Q# {White checkmated} 0-1

[Event "ICC tourney 3080 (30 10)"]
[Site "Internet Chess Club"]
[Date "2022.12.17"]
[Round "1"]
[White "PADIYAR, SUNMAY:sunmay12"]
[Black "DEMIREL, ESAT OMER:EsatOmerDemirel"]
[Result "1-0"]
[ICCResult "Black checkmated"]
[WhiteElo "1457"]
[BlackElo "1107"]
[Opening "French: advance variation"]
[ECO "C02"]
[NIC "FR.03"]
[Time "12:01:15"]
[PlyCount "99"]
[TimeControl "1800+10"]

1. e4 e6 2. d4 d5 3. e5 c5 4. c3 Qb6 5. Nf3 Nc6 6. Be2 cxd4 7. cxd4 Nh6 8.
Bxh6 Qxb2 9. Nbd2 gxh6 10. Nb3 Bb4+ 11. Kf1 Bd7 12. g3 Rc8 13. Kg2 Ne7 14.
Ne1 Bxe1 15. Rxe1 Ba4 16. Qd3 Rc3 17. Rab1 Qc2 18. Qxc2 Rxc2 19. Nc5 Bc6 20.
Nxb7 Bxb7 21. Rxb7 Nc8 22. Bb5+ Kf8 23. Re3 Kg7 24. Bd7 Rxa2 25. Bxe6 Rf8
26. Rf3 Rd2 27. Rbxf7+ Rxf7 28. Rxf7+ Kg6 29. Rf6+ Kg7 30. Bxc8 Rxd4 31. Rd6
a5 32. Be6 a4 33. Rxd5 Re4 34. Ra5 h5 35. Bf5 Rb4 36. Bd7 h4 37. Rxa4 h3+
38. Kxh3 Rb2 39. Kg2 h5 40. e6 Kf8 41. Rf4+ Ke7 42. Rf7+ Kd8 43. Ba4 h4 44.
e7+ Kc7 45. e8=Q+ Kd6 46. Rd7+ Kc5 47. Qc8+ Kb4 48. Rb7+ Ka3 49. Qc3+ Rb3
50. Qxb3# {Black checkmated} 1-0

[Event "ICC tourney 3080 (30 10)"]
[Site "Internet Chess Club"]
[Date "2022.12.17"]
[Round "1"]
[White "RAVIND G N, RICNESH:RickyCarlsen"]
[Black "NI, MATTHEW:oldwetplant"]
[Result "0-1"]
[ICCResult "White checkmated"]
[WhiteElo "1518"]
[BlackElo "1219"]
[Opening "Saragossa opening"]
[ECO "D35"]
[NIC "VO.12"]
[Time "12:08:52"]
[PlyCount "74"]
[TimeControl "1800+10"]

1. c3 e5 2. d4 exd4 3. cxd4 d5 4. Nc3 Nf6 5. Nf3 Nc6 6. Bg5 Be7 7. e3 O-O 8.
Be2 h6 9. Bxf6 Bxf6 10. Qb3 Ne7 11. O-O b6 12. Rfd1 Bb7 13. Rac1 c6 14. e4
dxe4 15. Nxe4 Nd5 16. Nxf6+ Qxf6 17. Ne5 Rfd8 18. Bf3 Rac8 19. Bh5 g6 20.
Bg4 Rc7 21. Qg3 Nf4 22. Rc2 h5 23. Be2 Nxe2+ 24. Rxe2 Rcc8 25. Re4 Qg7 26.
Rf4 Rf8 27. Nd7 Rfd8 28. Ne5 Rc7 29. Qb3 Rf8 30. Qh3 c5 31. Nd7 Rd8 32. dxc5
bxc5 33. Nf6+ Qxf6 34. Rxd8+ Qxd8 35. f3 Qd1+ 36. Kf2 Qd2+ 37. Kg3 Qe1#
{White checkmated}
0-1

[Event "ICC tourney 3080 (30 10)"]
[Site "Internet Chess Club"]
[Date "2022.12.17"]
[Round "1"]
[White "Gonzalez, Nahum Pepe:nahumgonzalez"]
[Black "VUYYURU, SHRIYAN:loudcertainlava"]
[Result "1-0"]
[ICCResult "Black checkmated"]
[WhiteElo "1599"]
[BlackElo "1333"]
[Opening "QGD: 4.Nf3"]
[ECO "D37"]
[NIC "QO.16"]
[Time "12:15:51"]
[PlyCount "107"]
[TimeControl "1800+10"]

1. d4 e6 2. c4 d5 3. Nc3 Nf6 4. Nf3 Nc6 5. Bg5 Be7 6. e3 h6 7. Bh4 a6 8. a3
O-O 9. Qc2 Re8 10. Rd1 b6 11. Bg3 Bb7 12. Be2 Bd6 13. O-O Bxg3 14. hxg3 Qe7
15. Rc1 Rad8 16. Rfd1 Rc8 17. Bd3 Rcd8 18. b4 dxc4 19. Bxc4 b5 20. Ba2 Nd5
21. Nxd5 exd5 22. Bb1 g6 23. Qd3 Qf6 24. Rc3 Rd6 25. Rdc1 Bc8 26. Qd2 Bb7
27. Ne1 Re7 28. Nd3 h5 29. Nf4 Red7 30. Nd3 Re7 31. Ba2 g5 32. Qc2 a5 33.
bxa5 Nxa5 34. Rxc7 Nc4 35. Rxe7 Qxe7 36. Bxc4 bxc4 37. Nc5 Rb6 38. Qf5 Rg6
39. Rb1 Bc6 40. Rb8+ Kg7 41. Qc8 Rh6 42. Rb6 c3 43. Rxc6 c2 44. Nd3 Qxa3 45.
Rc3 Qa1+ 46. Kh2 Rh8 47. Qc7 h4 48. Rxc2 hxg3+ 49. Kxg3 Qh1 50. Qe5+ Kg6 51.
Rc6+ Kh7 52. Qf5+ Kg7 53. Qxg5+ Kf8 54. Rc8# {Black checkmated} 1-0

[Event "ICC tourney 3080 (30 10)"]
[Site "Internet Chess Club"]
[Date "2022.12.17"]
[Round "2"]
[White "VUYYURU, SHRIYAN:loudcertainlava"]
[Black "Bolme, Thomas Bradley:ThomasBradley75"]
[Result "1-0"]
[ICCResult "Black checkmated"]
[WhiteElo "1333"]
[BlackElo "669"]
[Opening "QGD: Marshall defense"]
[ECO "D06"]
[NIC "QP.08"]
[Time "14:00:27"]
[PlyCount "53"]
[TimeControl "1800+10"]

1. d4 d5 2. c4 Nf6 3. e3 Bf5 4. Nc3 e6 5. Nf3 Nc6 6. cxd5 Nxd5 7. a3 Bd6 8.
Bb5 Qd7 9. Bd2 Nxc3 10. Bxc3 f6 11. O-O Be4 12. Nd2 Bxh2+ 13. Kxh2 Qd6+ 14.
f4 f5 15. Nxe4 fxe4 16. Qh5+ g6 17. Bxc6+ Qxc6 18. Qe5 Ke7 19. Qg7+ Kd6 20.
Bb4+ Kd5 21. Qe5+ Kc4 22. Rac1+ Kb3 23. Rxc6 bxc6 24. Qxe6+ Kxb2 25. Qxe4 c5
26. Rb1+ Ka2 27. Qc2# {Black checkmated} 1-0

[Event "ICC tourney 3080 (30 10)"]
[Site "Internet Chess Club"]
[Date "2022.12.17"]
[Round "2"]
[White "Zafar, Faris:gameismyname"]
[Black "BAI, JEFFREY:Jeffchess"]
[Result "1-0"]
[ICCResult "Black checkmated"]
[WhiteElo "1423"]
[BlackElo "1297"]
[Opening "Réti opening"]
[ECO "A04"]
[NIC "QP.11"]
[Time "14:00:34"]
[PlyCount "129"]
[TimeControl "1800+10"]

1. Nf3 e6 2. g3 h6 3. Bg2 a6 4. O-O Be7 5. d4 Nf6 6. c4 d5 7. cxd5 exd5 8.
Nc3 Nc6 9. Bf4 Be6 10. Qd2 Bb4 11. a3 Bxc3 12. bxc3 Qd7 13. Ne5 Nxe5 14.
dxe5 Nh5 15. Rab1 Nxf4 16. Qxf4 c6 17. Rfd1 O-O-O 18. Qd4 Rhe8 19. Rb2 Re7
20. Qa7 Qc7 21. f4 Rdd7 22. Rdb1 Qb8 23. Qc5 Kd8 24. Qxc6 Qc7 25. Qb6 Ke8
26. Qa7 Kf8 27. Rxb7 Qxc3 28. Qb8+ Re8 29. Rxd7 Bxd7 30. Qd6+ Kg8 31. Qxd7
Qc5+ 32. Kh1 Rf8 33. Qxd5 Qxa3 34. Qf3 Qa2 35. Qf1 a5 36. Ra1 Qd2 37. Qe1
Qe3 38. Rxa5 Rc8 39. Ra8 Rxa8 40. Bxa8 h5 41. Bf3 h4 42. Kg2 f6 43. exf6
gxf6 44. Qa5 f5 45. Qxf5 Kh8 46. Qh5+ Kg7 47. Qxh4 Kg6 48. Qg4+ Kh6 49. h4
Kh7 50. h5 Kh8 51. h6 Qe7 52. Qg7+ Qxg7 53. hxg7+ Kxg7 54. e4 Kf6 55. g4 Ke6
56. g5 Kf7 57. f5 Kg7 58. e5 Kf7 59. g6+ Kg7 60. Kg3 Kf8 61. f6 Ke8 62. e6
Kf8 63. Bc6 Kg8 64. e7 Kh8 65. e8=Q# {Black checkmated} 1-0

[Event "ICC tourney 3080 (30 10)"]
[Site "Internet Chess Club"]
[Date "2022.12.17"]
[Round "2"]
[White "NI, MATTHEW:oldwetplant"]
[Black "PADIYAR, SUNMAY:sunmay12"]
[Result "0-1"]
[ICCResult "White resigns"]
[WhiteElo "1219"]
[BlackElo "1457"]
[Opening "Four knights: Schultze-Müller gambit"]
[ECO "C47"]
[NIC "KP.06"]
[Time "14:00:20"]
[PlyCount "112"]
[TimeControl "1800+10"]

1. e4 e5 2. Nf3 Nc6 3. Nc3 Nf6 4. Nxe5 Nxe5 5. d4 Ng6 6. e5 Ng8 7. Qf3 Bb4
8. Bc4 Bxc3+ 9. bxc3 Qe7 10. O-O h6 11. Ba3 Qxa3 12. Qxf7+ Kd8 13. Qxg6 Qe7
14. d5 Qxe5 15. Rfe1 Ne7 16. Qf7 Qf6 17. Rxe7 Qxe7 18. Qxe7+ Kxe7 19. Re1+
Kd8 20. h3 Re8 21. Rd1 d6 22. Bb5 Bd7 23. Bc4 Re4 24. Bb3 Re5 25. Rd3 Ke7
26. Rg3 Rg5 27. Re3+ Re5 28. Rg3 g5 29. f4 Rf5 30. fxg5 hxg5 31. Re3+ Re5
32. Rg3 Rg8 33. c4 b5 34. c5 a5 35. cxd6+ cxd6 36. a3 Bf5 37. Rc3 Kd7 38. a4
b4 39. Rc6 Rc8 40. Ra6 Bxc2 41. Ra7+ Kd8 42. Bxc2 Rxc2 43. Ra8+ Rc8 44. Rxa5
b3 45. Rb5 Re1+ 46. Kf2 Rb1 47. Rb4 b2 48. Kg3 Rc2 49. Rb8+ Kc7 50. Rh8 Rg1
51. Rh7+ Kb6 52. a5+ Kxa5 53. Ra7+ Kb6 54. Ra8 Kb7 55. Rd8 b1=Q 56. Rxd6
Rgxg2+ {White resigns} 0-1

[Event "ICC tourney 3080 (30 10)"]
[Site "Internet Chess Club"]
[Date "2022.12.17"]
[Round "2"]
[White "Nadathur, Hari Rangan:HariNadathur"]
[Black "Xu, Michael:mxu81"]
[Result "1-0"]
[ICCResult "Black resigns"]
[WhiteElo "751"]
[BlackElo "1186"]
[Opening "Giuoco Pianissimo"]
[ECO "C55"]
[NIC "IG.01"]
[Time "14:00:18"]
[PlyCount "95"]
[TimeControl "1800+10"]

1. e4 e5 2. Nf3 Nc6 3. Bc4 Nf6 4. d3 Bc5 5. c3 d6 6. O-O O-O 7. b4 Bb6 8. a4
a6 9. a5 Ba7 10. Bg5 h6 11. Bh4 Qe7 12. Nbd2 Be6 13. Bxe6 Qxe6 14. Re1 Nd7
15. Nf1 d5 16. exd5 Qxd5 17. Ne3 Bxe3 18. Rxe3 b6 19. axb6 cxb6 20. Bg3 Rfe8
21. c4 Qe6 22. b5 axb5 23. Rxa8 Rxa8 24. cxb5 Na7 25. Nxe5 Nxb5 26. Nc4 Qf6
27. Re1 Nc5 28. Re5 Nc3 29. Qe1 N3a4 30. d4 Nd3 31. Re8+ Rxe8 32. Qxe8+ Kh7
33. Qxa4 Qxd4 34. h3 f6 35. Nxb6 Nb4 36. Nd5 Qxd5 37. Qxb4 Qd1+ 38. Kh2 h5
39. Qe4+ Kh6 40. Bf4+ g5 41. Bg3 h4 42. Bxh4 Qd6+ 43. Bg3 Qd1 44. Qf5 g4 45.
Qxf6+ Kh5 46. Qh4+ Kg6 47. Qxg4+ Kh6 48. Qxd1 {Black resigns} 1-0

[Event "ICC tourney 3080 (30 10)"]
[Site "Internet Chess Club"]
[Date "2022.12.17"]
[Round "2"]
[White "Jiang, Zen:zenjiang"]
[Black "Kale, Shubham:shubham07"]
[Result "0-1"]
[ICCResult "White resigns"]
[WhiteElo "1098"]
[BlackElo "1371"]
[Opening "Robatsch (modern) defense"]
[ECO "B06"]
[NIC "KF.05"]
[Time "14:00:19"]
[PlyCount "62"]
[TimeControl "1800+10"]

1. e4 g6 2. d4 Bg7 3. Nf3 d6 4. Bc4 a6 5. a4 e6 6. c3 Nd7 7. Be3 Ne7 8. Nbd2
O-O 9. O-O b6 10. Ne1 c5 11. f4 Bb7 12. Nc2 d5 13. exd5 Nxd5 14. Nb3 Qc7 15.
Be2 Bh6 16. g3 Qc6 17. Bf3 Qc7 18. Bd2 c4 19. Nc1 a5 20. Qe2 N7f6 21. Qg2
Rab8 22. Rb1 Rfc8 23. b3 cxb3 24. Rxb3 Qd7 25. Ra3 Bf8 26. Rb3 Qxa4 27. Be2
Nxc3 28. Bxc3 Bxg2 29. Bb5 Qxb3 30. Nxb3 Bxf1 31. Kxf1 Rxc3 {White resigns}
0-1

[Event "ICC tourney 3080 (30 10)"]
[Site "Internet Chess Club"]
[Date "2022.12.17"]
[Round "2"]
[White "JIMENEZ, LUIS A:eltuna"]
[Black "Nagarajan, Ramesh:rnagaraj"]
[Result "0-1"]
[ICCResult "White checkmated"]
[WhiteElo "1485"]
[BlackElo "1357"]
[Opening "Sicilian: Nimzovich-Rossolimo attack (without ...d6)"]
[ECO "B30"]
[NIC "SI.31"]
[Time "14:00:33"]
[PlyCount "72"]
[TimeControl "1800+10"]

1. e4 c5 2. Nf3 Nc6 3. Bb5 d6 4. O-O Bd7 5. Re1 Nf6 6. c3 a6 7. Bf1 Bg4 8.
d3 e6 9. Be3 Be7 10. h3 Bxf3 11. Qxf3 d5 12. exd5 Nxd5 13. Qg4 O-O 14. Bh6
Bf6 15. Nd2 Ne5 16. Qg3 Ng6 17. Be3 Rc8 18. Ne4 Be7 19. Rad1 f5 20. Ng5 f4
21. Nxe6 fxg3 22. Nxd8 Nxe3 23. fxe3 Rcxd8 24. d4 Rf2 25. Re2 Bg5 26. Rxf2
Bxe3 27. Bc4+ Kh8 28. d5 b5 29. Be2 Bxf2+ 30. Kf1 Ne7 31. Bf3 Nf5 32. Rd3
Re8 33. Be2 Re5 34. d6 Rd5 35. d7 Rxd7 36. Rxd7 Ne3# {White checkmated} 0-1

[Event "ICC tourney 3080 (30 10)"]
[Site "Internet Chess Club"]
[Date "2022.12.17"]
[Round "2"]
[White "ANGEL, BORYS:BArkadia"]
[Black "Gonzalez, Nahum Pepe:nahumgonzalez"]
[Result "0-1"]
[ICCResult "White checkmated"]
[WhiteElo "1388"]
[BlackElo "1599"]
[Opening "Caro-Kann defense"]
[ECO "B12"]
[NIC "CK.01"]
[Time "14:00:33"]
[PlyCount "130"]
[TimeControl "1800+10"]

1. e4 c6 2. d4 d6 3. f4 Qc7 4. Nf3 Bg4 5. h3 Bxf3 6. Qxf3 g6 7. Bd2 Nd7 8.
e5 Bg7 9. Nc3 Qb6 10. Qe3 dxe5 11. fxe5 Bh6 12. Qd3 Bxd2+ 13. Qxd2 O-O-O 14.
Na4 Qc7 15. Bd3 Nb6 16. Nxb6+ Qxb6 17. c3 f6 18. exf6 Nxf6 19. O-O Rhf8 20.
Kh1 Nh5 21. Qe3 Qc7 22. Qe6+ Qd7 23. Qxd7+ Kxd7 24. Rxf8 Rxf8 25. g4 Nf4 26.
Rf1 Ke8 27. Bc4 Nxh3 28. Rxf8+ Kxf8 29. Kg2 Ng5 30. a4 Kg7 31. Kg3 Kf6 32.
b4 Ne4+ 33. Kf4 Nxc3 34. g5+ Kg7 35. a5 Nd5+ 36. Ke5 Nxb4 37. Ke6 b6 38.
axb6 axb6 39. Kxe7 Nc2 40. Kd6 Nxd4 41. Kc7 b5 42. Bd3 c5 43. Kd6 c4 44. Be4
c3 45. Kc5 c2 46. Bxc2 Nxc2 47. Kxb5 Nd4+ 48. Kc4 Nf3 49. Kd3 Nxg5 50. Ke3
Kf6 51. Kf4 h5 52. Kg3 Kf5 53. Kh2 Kg4 54. Kg2 Nf3 55. Kh1 Nd4 56. Kg2 g5
57. Kh1 Kf3 58. Kh2 Kf2 59. Kh1 g4 60. Kh2 g3+ 61. Kh3 g2 62. Kh4 g1=Q 63.
Kxh5 Ne6 64. Kh6 Qg5+ 65. Kh7 Qg7# {White checkmated} 0-1

[Event "ICC tourney 3080 (30 10)"]
[Site "Internet Chess Club"]
[Date "2022.12.17"]
[Round "2"]
[White "LOPEZ, FRANCISCO JAVIER:steinutz"]
[Black "Cao, Frank Zhongtian:FrankCao"]
[Result "1-0"]
[ICCResult "Black resigns"]
[WhiteElo "1576"]
[BlackElo "1347"]
[Opening "Queen's pawn game"]
[ECO "D00"]
[NIC "QP.08"]
[Time "14:00:22"]
[PlyCount "83"]
[TimeControl "1800+10"]

1. d4 d5 2. c3 Nf6 3. Bg5 e6 4. Nd2 h6 5. Bh4 Be7 6. Ngf3 c6 7. e3 Nbd7 8.
Bd3 Nh5 9. Bg3 Nxg3 10. hxg3 Nf6 11. Ne5 c5 12. Qe2 c4 13. Bc2 Bd6 14. f4
Qe7 15. g4 Nd7 16. O-O-O Bxe5 17. fxe5 b5 18. Rdf1 Bb7 19. a3 O-O-O 20. e4
a5 21. exd5 Bxd5 22. Ne4 Rhf8 23. Nd6+ Kb8 24. Nxb5 Qg5+ 25. Kb1 Nb6 26. Rf2
Rd7 27. Rhf1 Qe7 28. Nd6 f6 29. g3 Rfd8 30. Ne4 fxe5 31. Nc5 Ra7 32. Qxe5+
Ka8 33. Bg6 Qc7 34. Qe3 Nd7 35. Rf7 Qc6 36. Nxd7 Raxd7 37. Qe5 Rxf7 38. Rxf7
Qa4 39. Qc7 Qd1+ 40. Ka2 Qb3+ 41. Ka1 Qd1+ 42. Bb1 {Black resigns} 1-0

[Event "ICC tourney 3080 (30 10)"]
[Site "Internet Chess Club"]
[Date "2022.12.17"]
[Round "3"]
[White "Kale, Shubham:shubham07"]
[Black "Nadathur, Hari Rangan:HariNadathur"]
[Result "0-1"]
[ICCResult "White resigns"]
[WhiteElo "1371"]
[BlackElo "751"]
[Opening "English opening"]
[ECO "A22"]
[NIC "EO.10"]
[Time "16:00:16"]
[PlyCount "58"]
[TimeControl "1800+10"]

1. c4 e5 2. Nc3 Nf6 3. e4 Bc5 4. g3 O-O 5. Bg2 Nc6 6. Nge2 d6 7. O-O Be6 8.
d3 h6 9. h3 Qd7 10. Kh2 Ne7 11. f4 c6 12. f5 Nxf5 13. exf5 Bxf5 14. a3 a5
15. Ne4 Nxe4 16. dxe4 Be6 17. b3 a4 18. b4 Ba7 19. Qc2 f5 20. Rd1 fxe4 21.
Qxe4 Rf2 22. Rf1 Raf8 23. Rxf2 Rxf2 24. Ng1 Bd4 25. Rb1 Bf5 26. Qe1 Bxb1 27.
Be3 Bxe3 28. Qxe3 Qf5 29. Ne2 Be4 {White resigns} 0-1

[Event "ICC tourney 3080 (30 10)"]
[Site "Internet Chess Club"]
[Date "2022.12.17"]
[Round "3"]
[White "Nagarajan, Ramesh:rnagaraj"]
[Black "LOPEZ, FRANCISCO JAVIER:steinutz"]
[Result "1-0"]
[ICCResult "Black checkmated"]
[WhiteElo "1357"]
[BlackElo "1576"]
[Opening "Scandinavian: Pytel-Wade variation"]
[ECO "B01"]
[NIC "SD.02"]
[Time "16:00:26"]
[PlyCount "59"]
[TimeControl "1800+10"]

1. e4 d5 2. exd5 Qxd5 3. Nc3 Qd6 4. d4 c6 5. Nf3 Bf5 6. g3 e6 7. Nh4 Bg6 8.
Bg2 Nf6 9. Nxg6 hxg6 10. O-O Qc7 11. Bf4 Bd6 12. Nb5 cxb5 13. Bxd6 Qd7 14.
a4 bxa4 15. c4 Nc6 16. c5 b5 17. Qe2 a6 18. d5 Nxd5 19. Bxd5 O-O-O 20. Bg2
Nb4 21. b3 Rxh2 22. Kxh2 Rh8+ 23. Kg1 Nd5 24. bxa4 Nc3 25. Qf3 Nd5 26. axb5
Qxb5 27. Rfb1 Qc4 28. Rb8+ Kd7 29. Qxf7+ Kc6 30. Rb6# {Black checkmated} 1-0

[Event "ICC tourney 3080 (30 10)"]
[Site "Internet Chess Club"]
[Date "2022.12.17"]
[Round "3"]
[White "Gonzalez, Nahum Pepe:nahumgonzalez"]
[Black "Zafar, Faris:gameismyname"]
[Result "1-0"]
[ICCResult "Black resigns"]
[WhiteElo "1599"]
[BlackElo "1423"]
[Opening "QGD Slav: exchange variation"]
[ECO "D13"]
[NIC "SL.01"]
[Time "16:00:29"]
[PlyCount "101"]
[TimeControl "1800+10"]

1. d4 d5 2. c4 c6 3. cxd5 cxd5 4. Nc3 Nf6 5. Nf3 Bf5 6. e3 Nc6 7. Bd3 Bxd3
8. Qxd3 g6 9. O-O Bg7 10. Qb5 Qd7 11. Bd2 O-O 12. Rfd1 Rfd8 13. Na4 Ne4 14.
Rac1 Rac8 15. Nc3 Nxc3 16. Bxc3 Ne5 17. Qxd7 Nxf3+ 18. gxf3 Rxd7 19. Ba5 Rc6
20. Rxc6 bxc6 21. Rc1 Rd6 22. Bb4 Re6 23. Rc3 Bf8 24. Bc5 a5 25. Ra3 Rf6 26.
Rxa5 Rxf3 27. Ra7 Kg7 28. Rc7 e5 29. Bxf8+ Kxf8 30. dxe5 Rf5 31. a4 Rxe5 32.
a5 d4 33. a6 dxe3 34. fxe3 Ra5 35. Rxc6 Ke8 36. b4 Kd7 37. Rb6 Ra1+ 38. Kg2
Kc7 39. Rb7+ Kc8 40. b5 Ra5 41. Kg3 h6 42. Kf4 Ra2 43. h3 Rf2+ 44. Ke4 f5+
45. Kd3 g5 46. b6 g4 47. hxg4 Ra2 48. Rc7+ Kd8 49. a7 fxg4 50. b7 Ra3+ 51.
Rc3 {Black resigns} 1-0

[Event "ICC tourney 3080 (30 10)"]
[Site "Internet Chess Club"]
[Date "2022.12.17"]
[Round "3"]
[White "Cao, Frank Zhongtian:FrankCao"]
[Black "Xu, Michael:mxu81"]
[Result "1-0"]
[ICCResult "Black checkmated"]
[WhiteElo "1347"]
[BlackElo "1186"]
[Opening "Ruy Lopez: 5.O-O"]
[ECO "C78"]
[NIC "RL.12"]
[Time "16:00:19"]
[PlyCount "101"]
[TimeControl "1800+10"]

1. e4 e5 2. Nf3 Nc6 3. Bb5 a6 4. Ba4 Nf6 5. O-O Ng4 6. c3 b6 7. d4 Bb7 8. h3
h5 9. Bg5 Be7 10. Bxe7 Qxe7 11. d5 Na5 12. b4 Nc4 13. Bb3 Nd6 14. Qd3 g6 15.
hxg4 hxg4 16. Nh2 Qh4 17. Qg3 Qh5 18. Nd2 f5 19. Qxe5+ Kd8 20. f3 Qh6 21.
fxg4 Qe3+ 22. Rf2 Re8 23. Qf6+ Kc8 24. gxf5 Kb8 25. Nhf1 Qh6 26. Qxg6 Qh8
27. Qg3 Rg8 28. Qf3 Ka7 29. f6 Raf8 30. e5 Nf7 31. Qe3 Qh5 32. e6 dxe6 33.
dxe6 Rxg2+ 34. Rxg2 Bxg2 35. Kxg2 Rg8+ 36. Kf2 Qf5+ 37. Ke2 Qxf6 38. exf7
Rf8 39. Kd1 Qc6 40. Kc2 Qg6+ 41. Kb2 Qd6 42. Re1 a5 43. bxa5 Ka6 44. axb6
cxb6 45. Qe2+ Ka7 46. Qe7+ Qxe7 47. Rxe7+ Ka6 48. Bc4+ b5 49. Re6+ Ka5 50.
Nb3+ Ka4 51. Ra6# {Black checkmated} 1-0